 Dungeon Crawl Stone Soup version 0.25-a0-510-ge065f6de7d (webtiles) character file.

Game seed: 16856776398998752006, levelgen mode: deterministic

35267 seren the Unseen (level 13, -2/98 HPs)
             Began as a Vampire Enchanter on Feb 15, 2020.
             Was an Elder of Dithmenos.
             Slain by a very large slime creature (38 damage)
             ... on level 12 of the Dungeon on Feb 16, 2020.
             The game lasted 01:50:18 (21114 turns).

seren the Unseen (Vampire Enchanter)               Turns: 21114, Time: 01:50:18

Health: -2/98      AC:  8    Str:  7    XL:     13   Next: 46%
Magic:  18/18      EV: 25    Int: 23    God:    Dithmenos [****..]
Gold:   810        SH:  3    Dex: 18    Spells: 9/18 levels left

rFire    . . .     SeeInvis +   a - +8 quick blade (elec)
rCold    . . .     Gourm    .   (no shield)
rNeg     . . .     Faith    .   i - +0 robe
rPois    .         Spirit   .   p - +0 helmet
rElec    .         Reflect  +   Q - +0 cloak
rCorr    .         Harm     .   z - +1 pair of gloves
MR       +....                  B - +0 pair of boots
Stlth    +++++++++.             m - +3 amulet of reflection
HPRegen  0.46/turn              L - +4 ring of intelligence
MPRegen  0.16/turn              N - +4 ring of evasion

@: regenerating quickly, wreathed by umbra
A: no food, fangs 3, see invisible, unbreathing
a: Exsanguinate, Shadow Step, Renounce Religion


You were on level 12 of the Dungeon.
You worshipped Dithmenos.
Dithmenos was greatly pleased with you.
You were alive.

You visited 3 branches of the dungeon, and saw 17 of its levels.
You also visited: Gauntlet.

You collected 810 gold pieces.

Inventory:

Hand Weapons
 a - a +8 quick blade of electrocution (weapon)
 b - a +0 hunting sling
Missiles
 j - 380 stones (quivered)
 v - 179 sling bullets
Armour
 i - a +0 robe (worn)
 p - a +0 helmet (worn)
 z - a +1 pair of gloves (worn)
 B - a +0 pair of boots (worn)
 Q - a +0 cloak (worn)
Magical Staves
 A - an uncursed staff of conjuration
Jewellery
 h - a +4 ring of strength
 m - a +3 amulet of reflection (around neck)
 K - an uncursed ring of stealth
 L - a +4 ring of intelligence (left hand)
 N - a +4 ring of evasion (right hand)
Wands
 r - a wand of acid (16)
 u - a wand of polymorph (20)
 w - a wand of flame (51)
 C - a wand of enslavement (8)
 D - a wand of iceblast (5)
 M - a wand of paralysis (17)
 P - a wand of disintegration (28)
 R - a wand of random effects (24)
Scrolls
 c - a scroll of blinking {!r}
 d - 3 scrolls of teleportation {!r}
 f - 4 scrolls of fog
 l - 5 scrolls of immolation
 n - 5 scrolls of remove curse
 o - 4 scrolls of fear
 G - 2 scrolls of magic mapping
 J - a scroll of identify
Potions
 e - a potion of berserk rage {unknown}
 g - 5 potions of agility
 k - a potion of haste
 q - 3 potions of flight
 s - a potion of resistance {unknown}
 t - 4 potions of lignification
 x - 2 potions of might
 E - a potion of experience {unknown}
 F - a potion of brilliance {unknown}
 H - 2 potions of cancellation
 I - 2 potions of mutation {!q}
 O - a potion of magic {unknown}
 S - a potion of ambrosia {unknown}
Miscellaneous
 y - a fan of gales


   Skills:
 + Level 7.9 Fighting
 - Level 12.0 Short Blades
 - Level 5.0 Armour
 + Level 11.5 Dodging
 + Level 15.0 Stealth
 - Level 3.1 Spellcasting
 + Level 10.7 Hexes
 - Level 7.0 Evocations


You had 9 spell levels left.
You knew the following spells:

 Your Spells              Type           Power        Failure   Level  Hunger
a - Corona                Hex            ######.      1%          1    N/A
d - Tukima's Dance        Hex            ######..     1%          3    N/A
e - Ensorcelled Hibernat  Hex/Ice        ####..       1%          2    N/A
f - Dazzling Flash        Conj/Hex       ####..       3%          3    N/A

Your spell library contained the following spells:

 Spells                   Type           Power        Failure   Level  Hunger
 Slow                     Hex            ######..     1%          2    N/A
 Confusing Touch          Hex            ######..     1%          3    N/A
 Freeze                   Ice            #...         12%         1    N/A
 Magic Dart               Conj           #...         12%         1    N/A
 Sting                    Tmut/Pois      #...         12%         1    N/A
 Summon Butterflies       Summ           #.......     12%         1    N/A
 Blink                    Tloc           N/A          17%         2    N/A
 Call Imp                 Summ           #.......     17%         2    N/A
 Poisonous Vapours        Pois/Air       #.....       17%         2    N/A
 Call Canine Familiar     Summ           #.......     34%         3    N/A
 Conjure Flame            Conj/Fire      #.......     34%         3    N/A
 Frozen Ramparts          Ice            #.....       34%         3    N/A
 Ignite Poison            Fire/Tmut/Pois #.......     34%         3    N/A
 Mephitic Cloud           Conj/Pois/Air  #.......     34%         3    N/A
 Ozocubu's Armour         Chrm/Ice       #.......     34%         3    N/A
 Summon Mana Viper        Hex/Summ       ####....     34%         5    N/A
 Hailstorm                Conj/Ice       #.......     75%         4    N/A
 Olgreb's Toxic Radiance  Pois           #.......     75%         4    N/A
 Summon Ice Beast         Ice/Summ       #.......     75%         4    N/A
 Summon Hydra             Summ           #.........   100%        7    N/A

Dungeon Overview and Level Annotations

Branches:
Dungeon (12/15)            Temple (1/1) D:4            Lair (4/6) D:8
  Swamp (0/4) Lair:2       Spider (0/4) Lair:2          Orc (0/2) D:11
Gauntlet (visited)

Altars:
Ashenzari
Cheibriados
Dithmenos
Elyvilon
Fedhas
Gozag
Hepliaklqana
Kikubaaqudgha
Makhleb
Nemelex Xobeh
Okawaru
Qazlal
Ru
Sif Muna
Trog
Uskayaw
Vehumet
Wu Jian
Xom
Yredelemnul
Zin
The Shining One

Shops:
D:6 (%   D:12 (

Annotations:
D:3 exclusion: downstairs
D:8 2 transporters
D:11 exclusions: downstairs and wizard
Lair:3 exclusion: 2 downstairs
Lair:4 entropy weaver


Innate Abilities, Weirdness & Mutations

You do not eat.
Your natural rate of healing is unusually fast.
You have razor-sharp teeth.
You have supernaturally acute eyesight. (SInv)
You can survive without breathing.


Message History

You hit the very large slime creature.
The very large slime creature is lightly wounded.
The very large slime creature hits you!!
You puncture the very large slime creature!
Lightning courses through the very large slime creature!
You bite the very large slime creature, but do no damage.
The very large slime creature is lightly wounded.
You barely miss the very large slime creature.
The very large slime creature is lightly wounded.
Your shadow hits the very large slime creature with a quick blade.
You hit the very large slime creature.
The very large slime creature is lightly wounded.
The very large slime creature hits you!!!
* * * LOW HITPOINT WARNING * * *
You hit the very large slime creature.
The very large slime creature is lightly wounded.
Your shadow hits the very large slime creature with a quick blade.
There is a stone staircase leading up, spattered with blood here.
The very large slime creature hits you!!!
You die...

. # ## ####. .. #.
#. #... .. # ..##.
##.##.#.. ..
..#.####........ .#
.#.##..(..<.# .∩ .
...Q#.......# .#...
##...@J..####......
#.#####(.)(...#
#......###........
.####. #.####### #.
#(# #. #.# #. #.#
#. #.# ..#


You could see a very large slime creature and a tengu conjurer.

Vanquished Creatures
  6 hydras
  A two-headed ogre (D:9)
  Urug (D:11)
  Pikel (D:8)
  An ugly thing (D:11)
  A cyclops (D:10)
  3 elephants (Lair:3)
  4 black mambas
  2 gargoyles
  9 spiny frogs
  2 rime drakes (Lair:4)
  9 komodo dragons
  2 trolls (D:11)
  A tyrant leech (Lair:2)
  A polar bear (Lair:4)
  Grinder (D:3)
  3 slime creatures (D:12)
  A hornet (Lair:4)
  3 blink frogs (Lair:4)
  Prince Ribbit (D:5)
  5 hippogriffs
  Sigmund (D:6)
  A shadow (D:11)
  A water elemental (D:11)
  2 wyverns
  35 yaks
  Eustachio (D:5)
  A basilisk (Lair:2)
  A human (shapeshifter) (D:10)
  A hungry ghost (D:11)
  2 swamp worms (Lair:2)
  A steam dragon (D:11)
  10 soldier ants
  Duvessa (D:7)
  6 water moccasins
  9 porcupines
  A black bear (D:10)
  6 orc warriors
  11 ice beasts
  4 slaves (D:8)
  A phantom (D:10)
  3 ogres
  8 centaurs
  4 crocodiles
  3 big kobolds
  Blork the orc (D:4)
  11 bullfrogs
  Dowan (D:7)
  A wyvern skeleton (D:6)
  A water moccasin skeleton (D:10)
  2 scorpions
  5 killer bees
  3 wights
  3 howler monkeys
  3 electric eels (D:11)
  2 jellies
  2 crimson imps
  A bullfrog zombie (D:5)
  A quasit (D:7)
  2 centaur zombies
  A hound (D:10)
  4 centaur skeletons
  8 orc priests
  3 iguanas (D:10)
  Ijyb (D:4)
  26 orc wizards
  11 worker ants
  2 hound skeletons
  A worker ant zombie (D:6)
  Robin (D:2)
  4 gnolls
  A river rat (D:5)
  17 adders
  A shadow imp (D:9)
  3 worms
  2 dart slugs (D:1)
  5 leopard geckos
  61 orcs
  9 giant cockroaches
  17 hobgoblins
  6 jackals
  18 kobolds
  7 quokkas
  A ball python (D:1)
  10 bats
  8 frilled lizards
  12 goblins
  A leopard gecko skeleton (D:6)
  A quokka skeleton (D:7)
  6 rats
  5 plants (D:11)
464 creatures vanquished.

Vanquished Creatures (collateral kills)
  2 orc warriors (D:11)
  A wight (D:8)
  A gnoll (D:4)
  An orc (D:3)
  A hobgoblin (D:3)
6 creatures vanquished.

Vanquished Creatures (others)
  2 dancing weapons
  A centaur (D:11)
  A kobold (D:10)
  10 fungi
  19 plants
33 creatures vanquished.

Grand Total: 503 creatures vanquished

Notes
Turn   | Place    | Note
-------+----------+-------------------------------------------
     0 | D:1      | seren the Vampire Enchanter began the quest for the Orb.
     0 | D:1      | Reached XP level 1. HP: 13/13 MP: 3/3
   258 | D:1      | Reached XP level 2. HP: 15/19 MP: 3/5
   817 | D:1      | Reached skill level 5 in Stealth
   817 | D:1      | Reached XP level 3. HP: 20/24 MP: 6/6
   928 | D:1      | Learned a level 2 spell: Ensorcelled Hibernation
  1184 | D:2      | Reached skill level 5 in Hexes
  1350 | D:2      | Found a faded altar of an unknown god.
  1603 | D:2      | Reached skill level 1 in Fighting
  1603 | D:2      | Reached XP level 4. HP: 19/32 MP: 2/7
  2016 | D:2      | Found a basalt altar of Yredelemnul.
  2018 | D:2      | Found a glowing golden altar of the Shining One.
  2021 | D:2      | Noticed an angel
  2029 | D:2      | Noticed a profane servitor
  2074 | D:2      | Noticed Robin
  2115 | D:2      | Killed Robin
  2522 | D:3      | Reached XP level 5. HP: 33/37 MP: 5/8
  2523 | D:3      | Reached skill level 6 in Stealth
  2623 | D:2      | Learned a level 3 spell: Tukima's Dance
  3187 | D:3      | Noticed Grinder
  3755 | D:4      | Noticed Blork the orc
  3763 | D:4      | Killed Blork the orc
  3822 | D:4      | Found a staircase to the Ecumenical Temple.
  3832 | Temple   | Entered the Ecumenical Temple
  4083 | D:4      | Reached XP level 6. HP: 36/43 MP: 4/9
  4377 | D:4      | Noticed Ijyb
  4379 | D:4      | Killed Ijyb
  4523 | D:5      | Entered Level 5 of the Dungeon
  4552 | D:5      | Noticed Prince Ribbit
  5016 | D:5      | Reached skill level 7 in Stealth
  5382 | D:5      | Killed Prince Ribbit
  5382 | D:5      | Reached XP level 7. HP: 43/49 MP: 7/10
  5421 | D:5      | Noticed Eustachio
  5673 | D:5      | Reached skill level 5 in Short Blades
  5673 | D:5      | Reached skill level 5 in Dodging
  5679 | D:5      | Learned a level 3 spell: Dazzling Flash
  6247 | D:6      | Found a sparkling altar of Nemelex Xobeh.
  6481 | D:6      | Found Gifuf's Weapon Shoppe.
  6608 | D:6      | Found Pamydut's Food Emporium.
  7020 | D:6      | Found a shimmering altar of Xom.
  7096 | D:6      | Reached XP level 8. HP: 56/56 MP: 11/11
  7318 | D:6      | Noticed Sigmund
  7887 | D:7      | Noticed Dowan
  8319 | D:7      | Noticed a hippogriff
  8622 | D:8      | Reached skill level 1 in Evocations
  8639 | D:8      | Found a sacrificial altar of Ru.
  8641 | D:8      | Noticed a wolf spider
  8642 | D:8      | Noticed a deep elf mage
  8643 | D:8      | Found a transporter.
  8655 | D:8      | Found a transporter.
  9139 | D:8      | Reached skill level 8 in Stealth
  9139 | D:8      | Reached XP level 9. HP: 40/64 MP: 12/12
  9292 | D:8      | Found a staircase to the Lair.
  9361 | D:8      | Reached skill level 1 in Armour
  9460 | D:8      | Found a hazy altar of Hepliaklqana.
  9460 | D:8      | Found an ornate altar of the Wu Jian Council.
  9645 | D:8      | Reached skill level 9 in Stealth
  9701 | D:8      | Noticed Pikel
  9983 | D:9      | Found a shadowy altar of Dithmenos.
  9989 | D:9      | Became a worshipper of Dithmenos the Shadowed
 10020 | D:9      | You fall into a shaft and drop 2 floors!
 10021 | D:11     | Noticed a seven-headed hydra
 10031 | D:10     | Entered Level 10 of the Dungeon
 10130 | D:10     | Noticed a gargoyle
 10175 | D:11     | Noticed a troll
 10458 | D:11     | Reached skill level 10 in Stealth
 10553 | D:11     | Noticed a troll
 10560 | D:11     | Killed a troll
 10759 | D:10     | Reached * piety under Dithmenos
 10844 | D:11     | Noticed Urug
 10852 | D:11     | Reached XP level 10. HP: 15/71 MP: 8/13
 11025 | D:11     | Reached skill level 10 in Short Blades
 11299 | D:11     | Noticed a gargoyle
 11311 | D:11     | Killed a gargoyle
 11698 | D:11     | Reached skill level 11 in Stealth
 11892 | D:11     | Reached skill level 5 in Fighting
 12014 | D:11     | Found a staircase to the Orcish Mines.
 12255 | D:11     | Reached ** piety under Dithmenos
 12654 | D:9      | Noticed a two-headed ogre
 12795 | D:9      | Found a radiant altar of Vehumet.
 12882 | D:9      | Found a glowing silver altar of Zin.
 12953 | Lair:1   | Entered Level 1 of the Lair of Beasts
 12969 | Lair:1   | Noticed a four-headed hydra
 13350 | D:5      | Killed Eustachio
 13440 | D:6      | Killed Sigmund
 13580 | D:7      | Noticed Duvessa
 13636 | D:7      | Killed Duvessa
 13641 | D:7      | Killed Dowan
 13646 | D:7      | Identified a scroll of acquirement
 13646 | D:7      | Identified the amulet "Axzucure" {Harm *Drain rElec} (You
                  | acquired it on level 7 of the Dungeon)
 13753 | D:8      | Reached XP level 11. HP: 77/79 MP: 15/15
 13771 | D:8      | Killed Pikel
 13771 | D:8      | Reached skill level 5 in Evocations
 13833 | D:9      | Found a shimmering blue altar of Sif Muna.
 14274 | D:10     | Reached *** piety under Dithmenos
 14689 | Lair:1   | Killed a four-headed hydra
 15570 | Lair:1   | Reached skill level 12 in Stealth
 16082 | Lair:2   | Reached XP level 12. HP: 77/88 MP: 17/17
 16166 | Lair:2   | Noticed a four-headed hydra
 16169 | Lair:2   | Killed a four-headed hydra
 16325 | Lair:2   | Found a staircase to the Swamp.
 16427 | Lair:2   | Found a hole to the Spider Nest.
 16834 | Lair:3   | Reached skill level 10 in Hexes
 17195 | Lair:3   | Reached skill level 13 in Stealth
 17696 | Lair:4   | Reached **** piety under Dithmenos
 17696 | Lair:4   | Reached skill level 10 in Dodging
 17696 | Lair:4   | Reached skill level 14 in Stealth
 17726 | Lair:4   | Noticed a five-headed hydra
 17774 | Lair:4   | Found a gate leading to a gauntlet.
 17784 | Gauntlet | Entered a Gauntlet
 17784 | Gauntlet | Found a transporter.
 17784 | Gauntlet | Found a transporter.
 17791 | Gauntlet | Found a transporter.
 17792 | Gauntlet | Found a transporter.
 17792 | Gauntlet | Found a transporter.
 17793 | Gauntlet | Found a transporter.
 17794 | Gauntlet | Noticed a catoblepas
 17826 | Gauntlet | Found a transporter.
 17830 | Gauntlet | Noticed a death scarab
 17840 | Gauntlet | Found a transporter.
 17848 | Gauntlet | Found a transporter.
 17865 | Gauntlet | Found a transporter.
 17868 | Gauntlet | Noticed a dire elephant
 17880 | Gauntlet | Found a transporter.
 17884 | Gauntlet | Found a transporter.
 18100 | Lair:4   | Noticed an eight-headed hydra
 18286 | Lair:4   | Noticed a five-headed hydra
 18290 | Lair:4   | Killed a five-headed hydra
 18305 | Lair:4   | Killed a five-headed hydra
 18502 | Lair:4   | Killed an eight-headed hydra
 18568 | Lair:4   | Reached XP level 13. HP: 61/96 MP: 18/18
 19299 | Lair:4   | Noticed an entropy weaver
 19613 | D:3      | Killed Grinder
 19759 | D:4      | Found a shimmering altar of Xom.
 19759 | D:4      | Found an opulent altar of Gozag.
 19767 | D:4      | Found a snail-covered altar of Cheibriados.
 20811 | D:11     | Killed Urug
 20918 | D:12     | Found Puamiys's Antique Weapon Boutique.
 20940 | D:12     | Reached skill level 5 in Armour
 20967 | D:12     | Reached skill level 15 in Stealth
 21114 | D:12     | Slain by a very large slime creature

Levels and vault maps discovered:
D:1:      minmay_arrival_jagged, layout_basic, nrook_mini_backslash,
          minmay_misc_feat_iff
D:2:      layout_basic, grunt_temple_overflow_holy_war, first_ration,
          chequers_ecumenical_altar_simple, uniq_robin
D:3:      layout_loops_ring, chequers_serial_rivers_large_b, uniq_grinder
D:4:      layout_loops_ring, minitemple, minmay_temple_entry_glassed_door,
          feat_on_display, uniq_blork_the_orc, uniq_ijyb
D:5:      layout_layer_cave, gup_sewer_entry_spiral, feat_on_display,
          uniq_eustachio, uniq_prince_ribbit1
D:6:      layout_basic, lemuel_round_altar, serial_shops, shop_fountains, shop,
          tgw_xom, uniq_sigmund
D:7:      layout_loops_corners, uniq_duvessa
D:8:      layout_basic, gammafunk_temple_overflow_arena,
          amethyst_overflow_temple_binary, hangedman_pestilent_swarm, uniq_pikel
D:9:      layout_roguey, lemuel_round_altar, tgw_sif, vehumet_crystals,
          grunt_dithmenos_shadows
D:10:     layout_rooms
D:11:     layout_stronghold, erik_orc_2, serial_bayou, serial_bayou_pond_b,
          serial_bayou_lagoon_a, serial_bayou_shore_b, serial_bayou_crossing,
          laboratory, uniq_urug
D:12:     gammafunk_sealed_library, layout_loops_cross, serial_shops, shop,
          serial_bayou_lake_a
Temple:   jpeg_temple_island
Lair:1:   layout_chaotic_city, portal_ice_cave_entry_ice_beasts,
          beast_lair_carwin_9
Lair:2:   layout_roguey, minmay_swamp_entry_worms, spider_nest_entry_web_field,
          serial_bayou_shore_b
Lair:3:   layout_chaotic_city, beast_lair_carwin_2
Lair:4:   minmay_lair_venomous_thicket, layout_regular_city,
          nicolae_volcano_entry_lava_flow, gauntlet_entry_generic,
          grunt_forest_stairs_basic, zaba_antful_of_joy, serial_bayou_shore_b,
          serial_bayou_shore_a

Skill      XL: |  1  2  3  4  5  6  7  8  9 10 11 12 13 |
---------------+----------------------------------------+-----
Stealth        | 5 6 7 8 10 11 12 14 15 | 15.0
Short Blades   | 2 3 4 6 7 9 11 12 | 12.0
Hexes          | 5 6 7 8 9 10 | 10.7
Dodging        | 3 4 5 6 7 8 10 11 | 11.5
Fighting       | 1 2 3 4 5 6 7 |  7.9
Evocations     | 2 3 4 6 7 |  7.0
Armour         | 2 4 5 |  5.0
Spellcasting   | 3 |  3.1

Action                   |  1- 3 |  4- 6 |  7- 9 | 10-12 | 13-15 || total
-------------------------+-------+-------+-------+-------+-------++-------
Melee: Dagger            |   153 |   109 |       |       |       ||   262
       Bite              |    12 |    12 |    24 |    91 |    28 ||   167
       Short sword       |       |    53 |   318 |   238 |       ||   609
       Quick blade       |       |       |       |   592 |   323 ||   915
 Fire: Hunting sling     |       |    10 |       |    33 |       ||    43
 Cast: Corona            |     2 |       |       |       |       ||     2
       Ensorcelled Hiber |    10 |    20 |    20 |     8 |     5 ||    63
       Tukima's Dance    |       |    10 |    11 |     4 |     1 ||    26
       Dazzling Flash    |       |       |     6 |     3 |       ||     9
Invok: Shadow Step       |       |       |       |     1 |     1 ||     2
 Abil: Exsanguinate      |       |       |       |       |     1 ||     1
Evoke: Wand              |       |       |       |    45 |     3 ||    48
  Use: Scroll            |       |     4 |     7 |    18 |     2 ||    31
       Potion            |       |     2 |     1 |     3 |     3 ||     9
 Stab: Sleeping          |    12 |    21 |    29 |    23 |     9 ||    94
       Distracted        |       |     1 |     2 |     5 |     7 ||    15
       Invisible         |       |       |     6 |     3 |       ||     9
Armor: Robe              |    27 |    19 |    14 |    23 |     6 ||    89
Dodge: Dodged            |   104 |    94 |   169 |   310 |   101 ||   778
Block: Other             |       |       |    22 |    36 |    15 ||    73
       Reflection        |       |       |     3 |     7 |       ||    10

Table legend:
 A = Non-vault XP
 B = Vault XP
 C = Vault XP percentage of total XP
 D = Non-vault monster count
 E = Vault monster count
 F = Vault count percentage of total count
                 A         B        C        D         E       F
            +---------+---------+-------+---------+---------+-------
      Total |   37711 |   12671 |  25.1 |     356 |     106 |  22.9
            +---------+---------+-------+---------+---------+-------
        D:1 |      47 |       0 |   0.0 |      27 |       0 |   0.0
        D:2 |      99 |      38 |  27.7 |      25 |      13 |  34.2
        D:3 |      93 |     283 |  75.3 |      21 |       1 |   4.5
        D:4 |     328 |     126 |  27.8 |      19 |       2 |   9.5
        D:5 |     202 |     473 |  70.1 |       9 |       9 |  50.0
        D:6 |     647 |     260 |  28.7 |      18 |       4 |  18.2
        D:7 |     536 |     229 |  29.9 |      13 |       2 |  13.3
        D:8 |    1723 |    1211 |  41.3 |      26 |       6 |  18.8
        D:9 |    1634 |      11 |   0.7 |      18 |       1 |   5.3
       D:10 |    3972 |       0 |   0.0 |      42 |       0 |   0.0
       D:11 |    6143 |    2154 |  26.0 |      53 |      25 |  32.1
       D:12 |    2128 |       0 |   0.0 |      15 |       0 |   0.0
     Lair:1 |    3689 |    2481 |  40.2 |      17 |      12 |  41.4
     Lair:2 |    2903 |     633 |  17.9 |      10 |       3 |  23.1
     Lair:3 |    4141 |    1421 |  25.5 |      15 |       4 |  21.1
     Lair:4 |    9426 |    3351 |  26.2 |      28 |      24 |  46.2
            +---------+---------+-------+---------+---------+-------
